cohdb
Replays
Latest Replays
All Replays
Popular Replays
Top Player Replays
Match Explorer
How It Works
Community
CoH3 Stats
Reddit
Sign in to upload your games and track your stats! →
Sign in with Steam
Match 40550600
Unlisted
Match 40550600
Overview
Messages
Build Orders
End
Vickers Machine Gun Team
Construct Section Command Post
Selects Indian Artillery Battlegroup
Vickers Machine Gun Team
Infantry Section
Infantry Section
Grenade Package
Construct Platoon Command Post
Selects Towed ML 4.2-inch Heavy Mortar
Towed ML 4.2-inch Heavy Mortar
Unlock M3 Stuart Light Tanks
M3 Stuart Light Tank
Selects War Cry
Selects Gurkha Rifles Section
M3 Stuart Light Tank
War Cry
Gurkha Rifles Section
^8Prof. Mcihael
H.S.
MonkeyBandit
vonAJ
KoGZa
BRF19
DonTriXX
mooncat_black
0
0
Comments
sign in to comment!
No comments posted yet!